 Dungeon Crawl Stone Soup version 0.18.1-50-g88ac8fd (console) character file.

50174 Kloppie the Severer (level 14, -12/137 HPs)
             Began as a Hill Orc Berserker on Oct 27, 2016.
             Was the Champion of Trog.
             Mangled by a sun demon (18 damage)
             ... in a volcano.
             The game lasted 00:27:28 (20200 turns).

Kloppie the Severer (Hill Orc Berserker)           Turns: 20200, Time: 00:27:29

Health: -12/137    AC: 22    Str: 21    XL:     14   Next: 54%
Magic:  4/4        EV:  8    Int:  7    God:    Trog [******]
Gold:   1460       SH:  0    Dex: 14    Spells: 0 memorised, 13 levels left

rFire  . . .     SeeInvis .     a - +3 executioner's axe (antimagic)
rCold  + . .     Gourm    .     z - +0 plate armour
rNeg   . . .     Faith    .     (shield currently unavailable)
rPois  +         Spirit   .     r - +1 helmet
rElec  .         Dismiss  .     v - +1 cloak {rPois}
rCorr  .         Reflect  .     (no gloves)
SustAt .         Harm     .     f - +0 pair of boots
MR     ++++.                    (no amulet)
Stlth  ..........               H - ring of protection from cold
                                w - ring of protection from magic

@: regenerating, incredibly resistant to hostile enchantments, extremely
unstealthy
A: no striking features
a: Berserk, Trog's Hand, Brothers in Arms, Burn Spellbooks, Renounce Religion


You were in a volcano.
You worshipped Trog.
Trog was exalted by your worship.
You were not hungry.

You visited 3 branches of the dungeon, and saw 20 of its levels.
You also visited: Volcano.

You collected 1491 gold pieces.
You spent 31 gold pieces at shops.

Inventory:

Hand Weapons
 a - a +3 antimagic executioner's axe (weapon)
 b - a +0 trident
 D - a +2 battleaxe of flaming
 Q - a +4 battleaxe of electrocution
Armour
 f - a +0 pair of boots (worn)
 r - a +1 helmet (worn)
 v - a +1 cloak of poison resistance (worn)
 z - a +0 plate armour (worn)
Jewellery
 g - an uncursed ring of resist corrosion
 o - an uncursed ring of poison resistance
 w - a ring of protection from magic (left hand)
 H - a ring of protection from cold (right hand)
 T - an uncursed ring of fire
Wands
 j - a wand of teleportation (9/9)
 x - a wand of disintegration (12/24)
 y - a wand of teleportation (3/9)
 C - a wand of iceblast (9/15)
 F - a wand of disintegration (16/24)
 G - a wand of disintegration (14/24)
 W - a wand of lightning (6/15)
 Y - a wand of teleportation (2/9)
Scrolls
 d - 6 scrolls of remove curse
 e - 4 scrolls of enchant armour
 i - a scroll of identify
 k - a scroll of fear
 m - 4 scrolls of fog
 B - a scroll of enchant weapon
 M - 5 scrolls of magic mapping
 P - 4 scrolls of teleportation
 S - a scroll of blinking
 U - a scroll of acquirement
Potions
 h - 3 potions of invisibility
 n - 4 potions of heal wounds
 q - 7 potions of curing
 t - 4 potions of cure mutation
 u - 3 potions of flight
 I - 2 potions of brilliance
 J - 4 potions of agility
 K - 2 potions of might
 L - 2 potions of haste
 R - 5 potions of berserk rage
Books
 l - a book of Cantrips

   Spells                             Type                      Level
   a - Corona                         Hexes                        1
   b - Animate Skeleton               Necromancy                   1
   c - Summon Small Mammal            Summoning                    1
   d - Apportation                    Translocation                1
   Trog disapproves of the use of such an item.
Comestibles
 c - 4 bread rations
 p - 2 fruits
 s - 10 meat rations
 A - 6 chunks of flesh
 E - 3 beef jerkies
 N - 2 slices of pizza
 O - 9 royal jellies


   Skills:
 - Level 16.2 Fighting
 + Level 20.5 Axes
 + Level 12.8 Armour
 - Level 1.5 Dodging


You had 13 spell levels left.
You didn't know any spells.

Dungeon Overview and Level Annotations

Branches:
Dungeon (12/15)            Temple (0/1) D:7            Lair (7/8) D:9
  Swamp (0/4) Lair:4       Spider (0/4) Lair:5        Slime (0/6) Lair:7
    Orc (1/2) D:9

Altars:
Ashenzari
Cheibriados
Gozag
Nemelex Xobeh
Pakellas
Sif Muna
Vehumet
The Shining One
Jiyva

Shops:
D:12 *

Annotations:
Lair:7 1 runed door


Message History

You hit the sun demon.
The sun demon is moderately wounded.
The sun demon hits you!
* * * LOW HITPOINT WARNING * * *
You are engulfed in flames!
* * * LOW HITPOINT WARNING * * *
The sun demon hits you.
* * * LOW HITPOINT WARNING * * *
You are engulfed in flames!
* * * LOW HITPOINT WARNING * * *
Your plate armour prevents you from hitting the sun demon.
The sun demon is moderately wounded.
The red devil hits you from afar with a trident of flaming.
* * * LOW HITPOINT WARNING * * *
The red devil burns you.
* * * LOW HITPOINT WARNING * * *
The sun demon hits you!!
* * * LOW HITPOINT WARNING * * *
You are engulfed in flames!!
You die...

#§§### ##§≈§≈##
##§≈≈≈§§## #≈§§§§≈≈§#
#..∩..# #...#.#
#.#∩#.## ##### #
###.### #)@.###
##..#§.####
#§§[43##..###...§.§§.§.
#)$/§∩#
###......§≈≈≈≈§≈ ≈.§!§§
###...§≈≈§≈§§≈ §≈≈§§
#....§≈≈≈≈≈≈§≈ #≈§≈#
##...§§≈≈≈≈≈§§ #§§#
#....≈≈§≈≈≈§§§ ##§
##..§.≈§§≈≈§§≈
###....≈≈≈§.≈


You could see a sun demon and a red devil.

Vanquished Creatures
  Erolcha (D:10)
  The ghost of baghtru the Cleaver, a journeyman HOFi of the Shining One (Lair:2)
  3 hydras
  4 death yaks
  Nergalle (D:10)
  2 unseen horrors
  2 hill giants (D:12)
  An ugly thing (D:11)
  A griffon (Lair:6)
  3 cyclopes
  Maurice (D:12)
  4 elephants (Lair:5)
  A toenail golem (Volcano)
  6 black mambas
  A torpor snail (Lair:7)
  A gargoyle (D:12)
  A rime drake (Lair:6)
  4 komodo dragons
  12 spiny frogs
  2 kobold demonologists (D:12)
  2 red devils (Volcano)
  5 trolls
  2 polar bears (Lair:5)
  Prince Ribbit (D:7)
  A two-headed ogre (D:12)
  19 blink frogs
  A boulder beetle (Lair:4)
  Sigmund (D:5)
  A redback (Lair:5)
  A wraith (D:12)
  55 yaks
  A basilisk (Lair:1)
  7 hippogriffs
  A steam dragon (D:9)
  A mottled dragon (D:12)
  12 water moccasins
  12 porcupines
  Duvessa (D:7)
  2 black bears
  An eye of draining (D:12)
  Purgy (D:3)
  4 sky beasts
  6 orc warriors
  3 wasps
  7 ice beasts
  11 wolves
  2 phantoms
  4 ogres
  4 centaurs
  9 crocodiles
  3 big kobolds
  20 giant frogs
  2 gnoll sergeants
  Dowan (D:7)
  7 scorpions
  7 killer bees
  3 wights (D:9)
  7 howler monkeys
  3 electric eels
  3 centaur zombies
  7 crimson imps
  3 giant frog zombies
  7 hounds
  3 orc priests
  5 jellies
  7 orc wizards
  Jessica (D:3)
  4 centaur skeletons
  3 giant frog skeletons
  6 worker ants
  17 iguanas
  26 sheep
  3 hound skeletons
  A worker ant zombie (D:5)
  A howler monkey zombie (D:11)
  Robin (D:3)
  20 gnolls
  12 adders
  47 river rats
  5 oozes (D:10)
  2 adder skeletons
  6 worms
  2 dart slugs (D:1)
  A giant gecko (D:1)
  44 orcs
  8 bats
  6 giant cockroaches
  16 goblins
  10 hobgoblins
  12 jackals
  25 kobolds
  5 quokkas
  A ball python (D:5)
  A giant gecko skeleton (D:8)
  A giant newt (D:2)
  A jackal skeleton (D:7)
  2 quokka skeletons
  A quokka zombie (D:7)
  6 rats
  9 fungi
  10 plants
634 creatures vanquished.

Vanquished Creatures (collateral kills)
  A hydra (D:12)
  Sonja (D:12)
  A plant (Lair:3)
3 creatures vanquished.

Vanquished Creatures (others)
  A river rat (Lair:2)
  3 fungi (Lair:5)
4 creatures vanquished.

Grand Total: 641 creatures vanquished

Notes
Turn   | Place    | Note
--------------------------------------------------------------
     0 | D:1      | Kloppie the Hill Orc Berserker began the quest for the Orb.
     0 | D:1      | Reached XP level 1. HP: 19/19 MP: 1/1
    13 | D:1      | Reached XP level 2. HP: 20/27 MP: 2/2
   410 | D:1      | Reached XP level 3. HP: 33/33 MP: 3/3
   447 | D:1      | Reached ** piety under Trog
   851 | D:2      | Found a glowing golden altar of the Shining One.
  1219 | D:2      | Reached XP level 4. HP: 41/41 MP: 4/4
  1307 | D:2      | Found an oddly glowing altar of Pakellas.
  1401 | D:2      | Reached skill level 5 in Axes
  1600 | D:2      | Found a radiant altar of Vehumet.
  1623 | D:2      | Found a snail-covered altar of Cheibriados.
  1712 | D:3      | Noticed Robin
  1718 | D:3      | Reached *** piety under Trog
  1724 | D:3      | Killed Robin
  1724 | D:3      | Reached XP level 5. HP: 47/47 MP: 5/5
  1725 | D:3      | Found a faded altar to an unknown god.
  1807 | D:3      | Noticed Purgy
  1823 | D:3      | Killed Purgy
  1823 | D:3      | Reached skill level 5 in Fighting
  1932 | D:3      | Found an opulent altar of Gozag.
  1937 | D:3      | Found a shattered altar of Ashenzari.
  1940 | D:3      | Found a sparkling altar of Nemelex Xobeh.
  1943 | D:3      | Found a deep blue altar of Sif Muna.
  2032 | D:3      | Reached XP level 6. HP: 40/56 MP: 6/6
  2136 | D:3      | Reached skill level 6 in Axes
  2405 | D:3      | Noticed Jessica
  2410 | D:3      | Killed Jessica
  2878 | D:4      | Reached XP level 7. HP: 38/63 MP: 7/7
  3213 | D:4      | Reached skill level 5 in Armour
  3397 | D:5      | Entered Level 5 of the Dungeon
  3525 | D:5      | Reached skill level 7 in Axes
  3604 | D:5      | Noticed Sigmund
  3612 | D:5      | Killed Sigmund
  3818 | D:5      | Reached XP level 8. HP: 73/73 MP: 8/8
  4245 | D:5      | Reached skill level 8 in Axes
  4774 | D:6      | Reached **** piety under Trog
  5247 | D:6      | Reached skill level 9 in Axes
  5291 | D:6      | Reached XP level 9. HP: 75/82 MP: 9/9
  6043 | D:7      | Received a gift from Trog
  6164 | D:7      | Noticed Dowan
  6167 | D:7      | Noticed Prince Ribbit
  6168 | D:7      | Noticed Duvessa
  6194 | D:7      | Reached skill level 10 in Axes
  6204 | D:7      | Killed Duvessa
  6219 | D:7      | Killed Dowan
  6435 | D:7      | Killed Prince Ribbit
  6516 | D:7      | Found a staircase to the Ecumenical Temple.
  6563 | D:7      | Reached skill level 10 in Fighting
  6732 | D:8      | Reached XP level 10. HP: 87/93 MP: 10/10
  6758 | D:7      | Reached skill level 11 in Axes
  7707 | D:9      | Received a gift from Trog
  7745 | D:9      | Found a staircase to the Lair.
  7805 | D:9      | Found a staircase to the Orcish Mines.
  8014 | D:9      | Identified a scroll of acquirement
  8215 | D:9      | Reached skill level 10 in Armour
  8838 | D:9      | Reached ***** piety under Trog
  8838 | D:9      | Reached skill level 12 in Axes
  9072 | D:10     | Entered Level 10 of the Dungeon
  9171 | D:10     | Noticed Nergalle
  9179 | D:10     | Killed Nergalle
  9179 | D:10     | Reached skill level 13 in Axes
  9179 | D:10     | Reached XP level 11. HP: 102/102 MP: 11/11
  9224 | D:10     | Noticed Erolcha
  9232 | D:10     | Killed Erolcha
  9243 | D:10     | Reached skill level 14 in Axes
  9883 | Lair:1   | Entered Level 1 of the Lair of Beasts
  9938 | Lair:1   | Reached skill level 15 in Axes
 10531 | Lair:1   | Noticed a four-headed hydra
 10549 | Lair:1   | Killed a four-headed hydra
 10549 | Lair:1   | Reached skill level 16 in Axes
 11377 | Lair:2   | Received a gift from Trog
 11449 | Lair:2   | Reached skill level 17 in Axes
 11556 | Lair:2   | Noticed baghtru's ghost (journeyman HOFi)
 11562 | Lair:2   | Reached XP level 12. HP: 109/110 MP: 4/12
 11567 | Lair:2   | Killed baghtru's ghost
 11961 | Lair:2   | Noticed a six-headed hydra
 11973 | Lair:2   | Killed a six-headed hydra
 12071 | Lair:2   | Reached skill level 18 in Axes
 12549 | Lair:3   | Received a gift from Trog
 12875 | Lair:3   | You fall through a shaft!
 12996 | Lair:4   | Found a staircase to the Swamp.
 14290 | Lair:3   | Reached skill level 19 in Axes
 14476 | Lair:5   | Reached XP level 13. HP: 122/122 MP: 13/13
 14493 | Lair:5   | Found a hole to the Spider Nest.
 15581 | Lair:6   | Received a gift from Trog
 15675 | Lair:6   | Reached ****** piety under Trog
 16104 | Lair:6   | Reached skill level 20 in Axes
 16371 | Lair:7   | Reached skill level 15 in Fighting
 16736 | Lair:7   | Received a gift from Trog
 16979 | Lair:7   | Reached XP level 14. HP: 104/136 MP: 14/14
 17058 | Lair:7   | Found a runed door.
 17059 | Lair:7   | Found a viscous altar of Jiyva.
 17066 | Lair:7   | Noticed an acid blob
 17067 | Lair:7   | Found a staircase to the Slime Pits.
 17067 | Lair:7   | Noticed an acid blob
 18179 | D:11     | Received a gift from Trog
 18541 | D:12     | Noticed Maurice
 18552 | D:12     | Killed Maurice
 18621 | D:12     | Noticed Sonja
 18636 | D:12     | Killed Sonja
 18963 | D:12     | Found Wasuilyu's Assorted Antiques.
 18971 | D:12     | Bought a scroll labeled ORREOD IKLAJO for 31 gold pieces
 19854 | D:10     | Received a gift from Trog
 19888 | Orc:1    | Entered Level 1 of the Orcish Mines
 20068 | Orc:1    | Found a dark tunnel.
 20085 | Volcano  | Entered a volcano
 20200 | Volcano  | HP: 6/137 [sun demon (19)]
 20200 | Volcano  | Mangled by a sun demon

Skill      XL: |  1  2  3  4  5  6  7  8  9 10 11 12 13 14 |
---------------+-------------------------------------------+-----
Fighting       | 4 5 6 7 8 10 11 13 15 16 | 16.2
Armour         | 3 4 5 7 9 10 11 12 | 12.8
Axes           | 5 6 7 9 10 13 17 19 20 | 20.5
Dodging        | |  1.5

Action                   |  1- 3 |  4- 6 |  7- 9 | 10-12 | 13-15 || total
-------------------------+-------+-------+-------+-------+-------++-------
Melee: Hand axe          |   113 |   182 |   446 |       |       ||   741
       War axe           |       |       |    67 |   144 |       ||   211
       Battleaxe         |       |       |       |   502 |   351 ||   853
       Trident           |       |       |       |    16 |     7 ||    23
       Executioner's axe |       |       |       |       |   166 ||   166
Invok: Berserk           |     3 |     5 |     6 |     7 |     3 ||    24
       Trog's Hand       |       |       |     2 |     4 |     5 ||    11
       Brothers in Arms  |       |       |       |       |     1 ||     1
  Use: Scroll            |       |       |    13 |     8 |    10 ||    31
       Potion            |       |       |     3 |       |       ||     3
  Eat: Chunk             |     4 |    11 |    16 |    27 |    22 ||    80
       Royal jelly       |       |       |     1 |     1 |       ||     2
       Fruit             |       |       |     1 |       |       ||     1
       Bread ration      |       |       |       |     1 |       ||     1
Armor: Animal skin       |     1 |       |       |       |       ||     1
       Ring mail         |    34 |    70 |    13 |       |       ||   117
       Plate armour      |       |       |   360 |   511 |   373 ||  1244
Dodge: Dodged            |    73 |   129 |   189 |   264 |   158 ||   813
